R - U22
SCOTTSDALE SALAMANDERS @ CHANDLER RANCHERS
08/17/2052
 
TOP OF THE 1ST
Hialeah Gales batting - Pitching for Pembroke Pines Herons : RHP Diego Briseno
Pitching: RHP Diego Briseno
Batting: RHB Wyatt White 0-0: Called Strike
0-1: Foul Ball, location: 2F
0-2: Foul Ball, location: 2F
0-2: Ball
1-2: Strikes out swinging, 2-3 out at first.
Batting: RHB Vic Marchesani 0-0: Called Strike
0-1: Ball
1-1: SINGLE (Groundball, 6, EV 99.4 MPH)
Batting: RHB Christopher Weller 0-0: Ball
1-0: Ball
2-0: Hit by Pitch
Vic Marchesani to second
Batting: RHB Emerson Olalde 0-0: Ball
1-0: Ball
2-0: Ball
3-0: Base on Balls
Vic Marchesani to third
Christopher Weller to second
Batting: RHB Lorenzo Ramos 0-0: Fly out, F9 (Flyball, 9LM, EV 79.4 MPH)
Runner from 3rd tags up, OUT at HOME! 9-2
Top of the 1st over - 0 runs, 1 hit, 0 errors, 2 left on base; Hialeah 0 - Pembroke Pines 0
BOTTOM OF THE 1ST
Pembroke Pines Herons batting - Pitching for Hialeah Gales : LHP Archie Harris
Pitching: LHP Archie Harris
Batting: RHB Logan Martin 0-0: Foul Ball, location: 2F
0-1: Ball
1-1: Swinging Strike
1-2: Ball
2-2: Strikes out swinging
Batting: RHB Piers Copeland 0-0: Ball
1-0: Called Strike
1-1: Called Strike
1-2: Strikes out swinging
Batting: RHB Maxwell Christiano 0-0: Ball
1-0: Foul Ball, location: 2F
1-1: Fly out, F8 (Flyball, 89M, EV 81.2 MPH)
Bottom of the 1st over - 0 runs, 0 hits, 0 errors, 0 left on base; Hialeah 0 - Pembroke Pines 0
TOP OF THE 2ND
Hialeah Gales batting - Pitching for Pembroke Pines Herons : RHP Diego Briseno
Batting: RHB Isaac Yates 0-0: Foul Ball, location: 2F
0-1: Ball
1-1: Foul Ball, location: 2F
1-2: Ball
2-2: Ball
3-2: Ground out 1-3 (Groundball, 34S, EV 68.1 MPH)
Batting: LHB Lindsey Miller 0-0: Foul Ball, location: 2F
0-1: Fly out, F7 (Flyball, 7LS, EV 86.9 MPH)
Batting: RHB Nick Hein 0-0: Called Strike
0-1: Foul Ball, location: 2F
0-2: Foul Ball, location: 2F
0-2: Foul Ball, location: 2F
0-2: Strikes out looking
Top of the 2nd over - 0 runs, 0 hits, 0 errors, 0 left on base; Hialeah 0 - Pembroke Pines 0
BOTTOM OF THE 2ND
Pembroke Pines Herons batting - Pitching for Hialeah Gales : LHP Archie Harris
Batting: LHB Kiko Rosales 0-0: Ball
1-0: Fly out, F8 (Line Drive, 8LM, EV 108.1 MPH)
Batting: LHB Seymour Horsley 0-0: Ball
1-0: Fly out, F9 (Flyball, 9, EV 93.8 MPH)
Batting: RHB Noah Bernier 0-0: Ball
1-0: Called Strike
1-1: Ball
2-1: Swinging Strike
2-2: SOLO HOME RUN (Flyball, 7D, EV 98.8 MPH), Distance : 383 ft
Batting: RHB Jimmy Moore 0-0: Ball
1-0: Ball
2-0: Ball
3-0: Called Strike
3-1: Swinging Strike
3-2: SOLO HOME RUN (Flyball, 7D, EV 96.2 MPH), Distance : 391 ft
Batting: RHB Nick Rebstock 0-0: Called Strike
0-1: Ground out U3 (Groundball, 3, EV 81.2 MPH)
Bottom of the 2nd over - 2 runs, 2 hits, 0 errors, 0 left on base; Hialeah 0 - Pembroke Pines 2
TOP OF THE 3RD
Hialeah Gales batting - Pitching for Pembroke Pines Herons : RHP Diego Briseno
Batting: RHB Óscar Zapata 0-0: Called Strike
0-1: Ball
1-1: Swinging Strike
1-2: Ball
2-2: Foul Ball, location: 2F
2-2: Strikes out swinging
Batting: RHB Wyatt White 0-0: Ball
1-0: Foul Ball, location: 2F
1-1: Ball
2-1: Fly out, F9 (Flyball, 9LM, EV 79.4 MPH)
Batting: RHB Vic Marchesani 0-0: Ball
1-0: Ball
2-0: Fly out, F5 (Popup, 5F, EV 75.6 MPH)
Top of the 3rd over - 0 runs, 0 hits, 0 errors, 0 left on base; Hialeah 0 - Pembroke Pines 2
BOTTOM OF THE 3RD
Pembroke Pines Herons batting - Pitching for Hialeah Gales : LHP Archie Harris
Batting: RHB Aiden Chirita 0-0: Called Strike
0-1: Foul Ball, location: 2F
0-2: Ball
1-2: Fly out, F6 (Popup, 15S, EV 89.4 MPH)
Batting: RHB Logan Martin 0-0: Foul Ball, location: 2F
0-1: Ball
1-1: Foul Ball, location: 2F
1-2: Ball
2-2: Foul Ball, location: 2F
2-2: Foul Ball, location: 2F
2-2: Fly out, F3 (Popup, 3F, EV 76.9 MPH)
Batting: RHB Piers Copeland 0-0: Called Strike
0-1: Foul Ball, location: 2F
0-2: Strikes out looking
Bottom of the 3rd over - 0 runs, 0 hits, 0 errors, 0 left on base; Hialeah 0 - Pembroke Pines 2
TOP OF THE 4TH
Hialeah Gales batting - Pitching for Pembroke Pines Herons : RHP Diego Briseno
Batting: RHB Christopher Weller 0-0: Fly out, F7 (Flyball, 7, EV 77.5 MPH)
Batting: RHB Emerson Olalde 0-0: Ball
1-0: Called Strike
1-1: SINGLE (Groundball, 4MD, EV 101.9 MPH)
Batting: RHB Lorenzo Ramos 0-0: Ball
1-0: Ball
2-0: Called Strike
2-1: Foul Ball, location: 2F
2-2: Foul Ball, location: 2F
2-2: Strikes out swinging
Batting: RHB Isaac Yates 0-0: Ball
1-0: Foul Ball, location: 2F
1-1: Ball
2-1: Ball
3-1: Called Strike
3-2: Foul Ball, location: 2F
3-2: Foul Ball, location: 2F
3-2: SINGLE (Groundball, 34D, EV 95.6 MPH)
Emerson Olalde to second
Emerson Olalde to third
Batting: LHB Lindsey Miller 0-0: Called Strike
0-1: Ball
1-1: Foul Ball, location: 2F
1-2: Strikes out swinging
Top of the 4th over - 0 runs, 2 hits, 0 errors, 2 left on base; Hialeah 0 - Pembroke Pines 2
BOTTOM OF THE 4TH
Pembroke Pines Herons batting - Pitching for Hialeah Gales : LHP Archie Harris
Batting: RHB Maxwell Christiano 0-0: DOUBLE (Line Drive, 78XD, EV 104.4 MPH)
Batting: LHB Kiko Rosales 0-0: Called Strike
0-1: Ball
1-1: Swinging Strike
1-2: Strikes out looking
Batting: LHB Seymour Horsley 0-0: Ball
1-0: Swinging Strike
1-1: Foul Ball, location: 2F
1-2: Ball
2-2: Fly out, F4 (Popup, 4D, EV 53.8 MPH)
Batting: RHB Noah Bernier 0-0: Called Strike
0-1: Called Strike
0-2: Ball
1-2: Ball
2-2: Strikes out swinging
Bottom of the 4th over - 0 runs, 1 hit, 0 errors, 1 left on base; Hialeah 0 - Pembroke Pines 2
TOP OF THE 5TH
Hialeah Gales batting - Pitching for Pembroke Pines Herons : RHP Diego Briseno
Batting: RHB Nick Hein 0-0: Foul Ball, location: 2F
0-1: Foul Ball, location: 2F
0-2: Strikes out looking
Batting: RHB Óscar Zapata 0-0: Called Strike
0-1: Ball
1-1: Ground out 6-3 (Groundball, 6, EV 85.6 MPH)
Batting: RHB Wyatt White 0-0: Called Strike
0-1: Ball
1-1: Swinging Strike
1-2: Strikes out looking
Top of the 5th over - 0 runs, 0 hits, 0 errors, 0 left on base; Hialeah 0 - Pembroke Pines 2
BOTTOM OF THE 5TH
Pembroke Pines Herons batting - Pitching for Hialeah Gales : LHP Archie Harris
Batting: RHB Jimmy Moore 0-0: Called Strike
0-1: Ground out 6-3 (Groundball, 6, EV 81.2 MPH)
Batting: RHB Nick Rebstock 0-0: Fly out, F8 (Line Drive, 8RM, EV 97.5 MPH)
Batting: RHB Aiden Chirita 0-0: Called Strike
0-1: SINGLE (Groundball, 56S, EV 72.5 MPH) (infield hit)
Batting: RHB Logan Martin 0-0: Called Strike
0-1: Foul Ball, location: 2F
0-2: SINGLE (Groundball, 34, EV 101.2 MPH)
Aiden Chirita to second
Aiden Chirita to third
Batting: RHB Piers Copeland 0-0: Ball
1-0: Swinging Strike
1-1: Ball
2-1: Ball
3-1: Base on Balls
Logan Martin to second
Batting: RHB Maxwell Christiano 0-0: Ball
1-0: Swinging Strike
1-1: Ball
2-1: Foul Ball, location: 2F
2-2: Fly out, F7 (Flyball, 7, EV 90.6 MPH)
Bottom of the 5th over - 0 runs, 2 hits, 0 errors, 3 left on base; Hialeah 0 - Pembroke Pines 2
TOP OF THE 6TH
Hialeah Gales batting - Pitching for Pembroke Pines Herons : RHP Diego Briseno
Batting: RHB Vic Marchesani 0-0: Ball
1-0: Foul Ball, location: 2F
1-1: Ball
2-1: Fly out, F4 (Flyball, 4MD, EV 94.4 MPH)
Batting: RHB Christopher Weller 0-0: Ball
1-0: Fly out, F4 (Line Drive, 4, EV 64.4 MPH)
Batting: RHB Emerson Olalde 0-0: Ball
1-0: Ball
2-0: Ground out 6-3 (Groundball, 6, EV 88.1 MPH)
Top of the 6th over - 0 runs, 0 hits, 0 errors, 0 left on base; Hialeah 0 - Pembroke Pines 2
BOTTOM OF THE 6TH
Pembroke Pines Herons batting - Pitching for Hialeah Gales : LHP Archie Harris
Batting: LHB Kiko Rosales 0-0: Ground out 4-3 (Groundball, 4, EV 107.5 MPH)
Batting: LHB Seymour Horsley 0-0: Foul Ball, location: 2F
0-1: Fly out, F9 (Flyball, 9, EV 89.4 MPH)
Batting: RHB Noah Bernier 0-0: Called Strike
0-1: Ball
1-1: Called Strike
1-2: Fly out, F9 (Flyball, 9, EV 90.0 MPH)
Bottom of the 6th over - 0 runs, 0 hits, 0 errors, 0 left on base; Hialeah 0 - Pembroke Pines 2
TOP OF THE 7TH
Hialeah Gales batting - Pitching for Pembroke Pines Herons : RHP Diego Briseno
Batting: RHB Lorenzo Ramos 0-0: Called Strike
0-1: Swinging Strike
0-2: Ball
1-2: Foul Ball, location: 2F
1-2: Ball
2-2: Foul Ball, location: 2F
2-2: Ball
3-2: Base on Balls
Batting: RHB Isaac Yates 0-0: Hit by Pitch
Lorenzo Ramos to second
Batting: LHB Lindsey Miller 0-0: Sac Bunt to 23 - play at first, batter OUT! 3-4
Lorenzo Ramos to third
Isaac Yates to second
Pinch Hitting: SHB Logan Moore 0-0: Foul Ball, location: 2F
0-1: Ball
1-1: Ball
2-1: Foul Ball, location: 2F
2-2: Foul Ball, location: 2F
2-2: Ball
3-2: Fly out, F7 (Flyball, 78D, EV 99.4 MPH)
Runner from 3rd tags up, SCORES, throw by LF
Batting: RHB Óscar Zapata 0-0: Fly out, F8 (Flyball, 8LM, EV 91.9 MPH)
Top of the 7th over - 1 run, 0 hits, 0 errors, 1 left on base; Hialeah 1 - Pembroke Pines 2
BOTTOM OF THE 7TH
Pembroke Pines Herons batting - Pitching for Hialeah Gales : LHP Archie Harris
Pitching: RHP Prospero Asencio
Now at 1B: Samson Peltier
Batting: RHB Jimmy Moore 0-0: Called Strike
0-1: Foul Ball, location: 2F
0-2: Ball
1-2: Foul Ball, location: 2F
1-2: Strikes out swinging
Batting: RHB Nick Rebstock 0-0: Ball
1-0: Ball
2-0: Ball
3-0: Called Strike
3-1: Foul Ball, location: 2F
3-2: Foul Ball, location: 2F
3-2: Ground out 3-1 (Groundball, 34, EV 81.2 MPH)
Batting: LHB Caleb Dorsey 0-0: Ball
1-0: Ball
2-0: Called Strike
2-1: Swinging Strike
2-2: Strikes out swinging
Bottom of the 7th over - 0 runs, 0 hits, 0 errors, 0 left on base; Hialeah 1 - Pembroke Pines 2
TOP OF THE 8TH
Hialeah Gales batting - Pitching for Pembroke Pines Herons : RHP Diego Briseno
Batting: RHB Wyatt White 0-0: Swinging Strike
0-1: Called Strike
0-2: Strikes out swinging
Batting: RHB Vic Marchesani 0-0: Called Strike
0-1: Ball
1-1: Ball
2-1: Ball
3-1: Base on Balls
Pitching: LHP Yahya Al-Hosani
Batting: RHB Christopher Weller 0-0: Grounds into double play, 4-6-3 (Groundball, 34S, EV 79.4 MPH)
Top of the 8th over - 0 runs, 0 hits, 0 errors, 0 left on base; Hialeah 1 - Pembroke Pines 2
BOTTOM OF THE 8TH
Pembroke Pines Herons batting - Pitching for Hialeah Gales : RHP Prospero Asencio
Batting: RHB Logan Martin 0-0: Called Strike
0-1: Called Strike
0-2: Fly out, F7 (Flyball, 7LS, EV 91.2 MPH)
Batting: RHB Piers Copeland 0-0: Fly out, F9 (Flyball, 89S, EV 94.4 MPH)
Batting: RHB Maxwell Christiano 0-0: Foul Ball, location: 2F
0-1: Fly out, F4 (Line Drive, 4, EV 70.6 MPH)
Bottom of the 8th over - 0 runs, 0 hits, 0 errors, 0 left on base; Hialeah 1 - Pembroke Pines 2
TOP OF THE 9TH
Hialeah Gales batting - Pitching for Pembroke Pines Herons : LHP Yahya Al-Hosani
Pitching: RHP Randy Brody
Batting: RHB Emerson Olalde 0-0: Ball
1-0: Ball
2-0: Fly out, F9 (Flyball, 9, EV 95.6 MPH)
Pinch Hitting: LHB Aaron Bushman 0-0: Ball
1-0: Ball
2-0: Ball
3-0: Called Strike
3-1: Base on Balls
Pinch Hitting: LHB George Nichols 0-0: Ball
1-0: Ball
2-0: Grounds into double play, 4-6-3 (Groundball, 4, EV 87.5 MPH)
Top of the 9th over - 0 runs, 0 hits, 0 errors, 0 left on base; Hialeah 1 - Pembroke Pines 2
Friday, May 3rd , 2024 - OOTP Baseball 24.11 Build 85